 Dungeon Crawl Stone Soup version 0.18-a0-1797-gc18daef (webtiles) character file.

22 macross the Sneak (level 2, 0/14 HPs)
             Began as a Spriggan Assassin on Apr 22, 2016.
             Slain by an orc
             ... wielding a +0 whip
              (4 damage)
             ... on level 3 of the Dungeon.
             The game lasted 00:02:08 (375 turns).

macross the Sneak (Spriggan Assassin)                Turns: 375, Time: 00:02:09

Health: 0/14       AC:  3    Str:  7    XL:     2   Next: 68%
Magic:  3/3        EV: 17    Int: 12    God:
Gold:   29         SH:  0    Dex: 17    Spells: 0 memorised, 1 level left

rFire  . . .     SeeInvis +     a - +2 dagger
rCold  . . .     Gourm    .     c - +0 robe
rNeg   . . .     Faith    .     (shield restricted)
rPois  .         Spirit   .     (helmet restricted)
rElec  .         Dismiss  .     d - +0 cloak
rCorr  .         Reflect  .     (gloves unavailable)
SustAt .         Harm     .     (boots unavailable)
MR     .....                    (no amulet)
Stlth  ++++......               (no ring)
                                (no ring)

@: very quick, not resistant to hostile enchantments, stealthy
A: unfitting armour, see invisible, herbivore 3, speed 3, slow metabolism 2
a: no special abilities


You were on level 3 of the Dungeon.
You were not hungry.

You visited 1 branch of the dungeon, and saw 3 of its levels.

You collected 29 gold pieces.

Inventory:

Hand Weapons
 a - a +2 dagger (weapon)
 b - a +0 blowgun
Missiles
 e - 8 poisoned needles
 f - 2 curare-tipped needles
Armour
 c - a +0 robe (worn)
 d - a +0 cloak (worn)
Scrolls
 h - a scroll of fear {unknown}
 i - a scroll of teleportation {unknown}
 k - a scroll of enchant armour {unknown}
Potions
 j - a potion of might {unknown}
Comestibles
 g - 2 bread rations


   Skills:
 + Level 1.5 Fighting
 * Level 2.4 Short Blades
 - Level 2.0 Throwing
 + Level 2.0 Dodging
 * Level 6.8 Stealth


You had one spell level left.
You didn't know any spells.

Dungeon Overview and Level Annotations

Branches:
Dungeon (3/15)

Altars:
Okawaru


Innate Abilities, Weirdness & Mutations

You are tiny and cannot use many weapons and most armour.
You have supernaturally acute eyesight.
You are a herbivore.
You cover ground extremely quickly.
You need consume almost no food.


Message History

Unknown command.
Unknown command.
Unknown command.
Unknown command.
Unknown command.
The bat hits you but does no damage. The bat misses you.
The bat hits you but does no damage. The bat misses you.
You hit the jackal.
The jackal is moderately wounded.
The bat barely misses you. The jackal closely misses you.
The hobgoblin closely misses you. The jackal bites you.
* * * LOW HITPOINT WARNING * * *
The jackal misses you. The hobgoblin misses you. The bat misses you.
The jackal barely misses you. The hobgoblin closely misses you.
The bat misses you. The bat completely misses you.
The jackal closely misses you. The orc hits you with a whip.
You die...

.............#### # ##. #
##.....?#.....##..# ## 8## 8##
#....#...###.##..######## ..8
.8##.....>.................. ...
..###.##.##.......(###...[o. ...
._#..##.#.............o.... ...
##.....#..........#....... ..8
#...# #..o...o....)...... 8##
#...# #.@h.oo............
#########...###..g.......##.!....
.#..............b.......###......
.)....#.....###..........##......
#####.....(.###...<......##......
##....................#######
##..######............. #..#
#..........### #.!# ##........##


You could see 4 orcs, a jackal, a hobgoblin and a bat.

Vanquished Creatures
  An ooze (D:1)
  A dart slug (D:1)
  2 giant geckos
  An orc (D:3)
  A giant cockroach (D:1)
  2 goblins
  2 hobgoblins
  A kobold (D:1)
  A rat (D:1)
12 creatures vanquished.

Notes
Turn   | Place    | Note
--------------------------------------------------------------
     0 | D:1      | macross the Spriggan Assassin began the quest for the Orb.
     0 | D:1      | Reached XP level 1. HP: 10/10 MP: 2/2
    32 | D:1      | Reached skill level 6 in Stealth
    53 | D:1      | Reached XP level 2. HP: 12/14 MP: 3/3
   181 | D:3      | Found an iron altar of Okawaru.
   218 | D:3      | Noticed a scorpion
   375 | D:3      | Slain by an orc

Vault maps used:
D:1:      scummos_arrival_simple_fountains
D:2:      ecumenical_altar_2
D:3:      nicolae_overflow_hidden_temple, lightli_sewer_entry_pipes, first_bread

Skill      XL: |  1  2 |
---------------+-------+-----
Stealth        | 6 |  6.8
Dodging        | 2 |  2.0
Fighting       | |  1.5
Short Blades   | |  2.4
Throwing       | |  2.0

Action                   || total
-------------------------++-------
Melee: Dagger            ||    37
 Stab: Sleeping          ||     8
Armor: Robe              ||    19
Dodge: Dodged            ||    94
